 Dungeon Crawl Stone Soup version 0.16.1 (webtiles) character file.

269 Ghalim the Cudgeler (level 6, -2/40 HPs)
             Began as a Gargoyle Fighter on Mar 30, 2015.
             Killed from afar by an orc wizard (9 damage)
             ... with a puff of frost
             ... on level 3 of the Dungeon.
             The game lasted 00:05:56 (2934 turns).

Ghalim the Cudgeler (Gargoyle Fighter)              Turns: 2934, Time: 00:05:57

Health: -2/40      AC: 11    Str: 22    XL:     6   Next: 22%
Magic:  6/6        EV:  7    Int:  8    God:
Gold:   124        SH:  9    Dex:  9    Spells: 0 memorised, 5 levels left

rFire  . . .     SeeInvis .     a - +0 flail
rCold  . . .     Clarity  .     b - +0 scale mail
rNeg   + . .     SustAb   .     c - +0 shield
rPois  ∞         Gourm    .     (no helmet)
rElec  +         Spirit   .     (no cloak)
rCorr  .         Warding  .     (no gloves)
rMut   .         Stasis   .     (no boots)
MR     .....                    (no amulet)
Stlth  ..........               (no ring)
                                (no ring)

@: not resistant to hostile enchantments, extremely unstealthy
A: negative energy resistance 1, electricity resistance, unbreathing,
petrification resistance, rot immunity, AC +4
a: no special abilities


You were on level 3 of the Dungeon.
You were very hungry.

You visited 1 branch of the dungeon, and saw 4 of its levels.

You collected 124 gold pieces.

Inventory:

Hand weapons
 a - a +0 flail (weapon)
Armour
 b - a +0 scale mail (worn)
 c - a +0 shield (worn)
 w - a +2 chain mail of cold resistance
Jewellery
 k - an uncursed amulet of rage {unknown}
 p - an uncursed amulet of faith {unknown}
Magical devices
 t - a wand of polymorph (12)
Scrolls
 g - 6 scrolls of identify {unknown}
 h - 2 scrolls of magic mapping {unknown}
 n - a scroll of blinking {unknown}
 q - 4 scrolls of teleportation {unknown}
 s - a scroll of amnesia {unknown}
 u - 2 scrolls of noise {unknown}
 y - a scroll of enchant armour {unknown}
Potions
 e - a potion of might
 f - a potion of lignification {unknown}
 i - 2 potions of restore abilities {unknown}
 m - 2 potions of ambrosia {unknown}
 r - a potion of brilliance {unknown}
 v - a potion of curing {unknown}
Comestibles
 d - 5 bread rations
 j - a slice of pizza
 l - 3 meat rations
 o - 2 beef jerkies


   Skills:
 + Level 4.9 Fighting
 * Level 5.4 Maces & Flails
 - Level 3.2 Armour
 - Level 3.2 Shields


You had 5 spell levels left.
You didn't know any spells.

Dungeon Overview and Level Annotations

Branches:
Dungeon (4/15)
 Temple: D:4-7

Altars:
Fedhas
Kikubaaqudgha

Annotations:
D:2 exclusion: oklob plant


Innate Abilities, Weirdness & Mutations

You are resistant to torment.
You are immune to poison.
Your stone body is very resilient (AC +4).
You resist negative energy.
You are resistant to electric shocks.
You can survive without breathing.
You are immune to petrification.
You are immune to rotting.


Message History

Your shield and scale mail prevent you from hitting something.
Something hits you but does no damage.
You closely miss something. Something hits you but does no damage.
You hear some strange, mumbled words.
The puff of frost hits you!
You hit something. Something hits you but does no damage. Something hits you.
You miss something. Something hits you but does no damage.
You hear some strange, mumbled words.
The puff of frost hits you!
You miss something. Something hits you but does no damage. Something hits you.
You miss something. Something hits you but does no damage.
You hit something! Something hits you but does no damage.
You miss something. You block its attack. Something completely misses you.
You miss something.
You hear some strange, mumbled words.
The puff of frost hits you!
* * * LOW HITPOINT WARNING * * *
You hear some strange, mumbled words.
The puff of frost hits you!
You die...

### ##########.# #..........#
#.########.# #.# #....#.#
#.###.##.#.# #.....##.#)#
#.########.#.#################
#.# #.#.@{ooo............
#.########.###########....####
####.#.....##.#...# #........
#....#.###.##.#.#.#######......)#
#....#.#.#.##.#.#.#.....#.......#
#..#.#...#.##.#.#.#.###.#........
#.....<#.#.##.#.#...........#(#.#
............................(....
#...####.####.#.#.#........(#####


You could see 3 orcs.

Vanquished Creatures
  A jelly (D:4)
  2 orc priests
  An orc wizard (D:3)
  Ijyb (D:3)
  Jessica (D:2)
  4 adders
  2 worms (D:3)
  3 giant geckos
  3 orcs (D:3)
  4 giant cockroaches
  5 hobgoblins
  2 jackals (D:1)
  4 quokkas
  A ball python (D:1)
  12 bats
  4 giant newts
  13 goblins
  6 kobolds
  8 rats
77 creatures vanquished.

Notes
Turn   | Place    | Note
--------------------------------------------------------------
     0 | D:1      | Ghalim, the Gargoyle Fighter, began the quest for the Orb.
     0 | D:1      | Reached XP level 1. HP: 14/14 MP: 1/1
    73 | D:1      | Reached XP level 2. HP: 19/19 MP: 2/2
   693 | D:2      | Reached XP level 3. HP: 24/24 MP: 3/3
   909 | D:2      | Found a blossoming altar of Fedhas.
   938 | D:2      | Noticed an oklob plant
  1008 | D:2      | Reached skill level 4 in Fighting
  1092 | D:2      | Found an ancient bone altar of Kikubaaqudgha.
  1386 | D:2      | Noticed Jessica
  1390 | D:2      | Killed Jessica
  1390 | D:2      | Reached XP level 4. HP: 14/29 MP: 4/4
  2061 | D:3      | Noticed Ijyb
  2107 | D:3      | Killed Ijyb
  2107 | D:3      | Reached XP level 5. HP: 20/34 MP: 5/5
  2613 | D:4      | Reached skill level 5 in Maces & Flails
  2629 | D:4      | Noticed an ogre
  2652 | D:3      | Reached XP level 6. HP: 27/40 MP: 6/6
  2934 | D:3      | Killed from afar by an orc wizard

Action                   |  1- 3 |  4- 6 || total
-------------------------+-------+-------++-------
Melee: Flail             |   127 |   180 ||   307
  Eat: Chunk             |     1 |     5 ||     6
